 Dungeon Crawl Stone Soup version 0.22-a0-159-g7ce444f (webtiles) character file.

206 KristoblXynda the Slasher (level 5, 0/41 HPs)
             Began as a Draconian Gladiator on Feb 9, 2018.
             Killed by divine providence
             ... invoked by an orc priest
              (17 damage)
             ... on level 4 of the Dungeon.
             The game lasted 00:03:31 (3006 turns).

KristoblXynda the Slasher (Draconian Gladiator)     Turns: 3006, Time: 00:03:32

Health: 0/41       AC:  6    Str: 16    XL:     5   Next: 53%
Magic:  5/5        EV: 13    Int: 10    God:
Gold:   252        SH:  3    Dex: 12    Spells: 4/4 levels left

rFire    . . .     SeeInvis .   a - +0 long sword
rCold    + . .     Gourm    .   (no shield)
rNeg     . . .     Faith    .   (armour unavailable)
rPois    .         Spirit   .   b - +0 hat
rElec    .         Reflect  +   t - +0 cloak
rCorr    .         Harm     .   (no gloves)
MR       .....                  (no boots)
Stlth    +.........             u - +3 amulet of reflection
HPRegen  0.13/turn              i - ring of protection from cold (curse)
MPRegen  0.09/turn              (no ring)

@: no status effects
A: unfitting armour, cold-blooded, AC +5
a: no special abilities


You were on level 4 of the Dungeon.
You were not hungry.

You visited 1 branch of the dungeon, and saw 4 of its levels.

You collected 252 gold pieces.

Inventory:

Hand Weapons
 a - a +0 long sword (weapon)
Missiles
 c - 2 throwing nets (quivered)
Armour
 b - a +0 hat (worn)
 t - a +0 cloak (worn)
Jewellery
 i - a cursed ring of protection from cold (left hand)
 u - a +3 amulet of reflection (around neck)
Scrolls
 f - 2 scrolls of blinking {unknown}
 g - a scroll of fear {unknown}
 h - 2 scrolls of enchant weapon {unknown}
 m - a scroll of immolation {unknown}
 n - a scroll of magic mapping {unknown}
 o - a scroll of enchant armour {unknown}
 p - a scroll of noise {unknown}
 q - 5 scrolls of teleportation {unknown}
 r - a scroll of amnesia {unknown}
Potions
 e - a potion of heal wounds
 j - a potion of might
 k - a potion of brilliance
 s - a potion of curing {unknown}
 v - a potion of cancellation
Comestibles
 d - 3 rations


   Skills:
 - Level 2.1 Fighting
 * Level 4.7 Long Blades
 - Level 3.0 Throwing
 + Level 3.9 Dodging


You had 4 spell levels left.
You didn't know any spells.

Dungeon Overview and Level Annotations

Branches:
Dungeon (4/15)
 Temple: D:4-7

Altars:
Cheibriados
Hepliaklqana
Sif Muna
Trog
Vehumet
Xom

Annotations:
D:4 Natasha


Innate Abilities, Weirdness & Mutations

Your plain brown scales are hard. (AC +5)
You cannot fit into any form of body armour.
You are cold-blooded and may be slowed by cold attacks.


Message History

The orc priest is too close now for your liking.
An orc priest is nearby!
An orc priest is nearby!
An orc priest is nearby!
Found 4 gold pieces.
Natasha, Servant of Life and Death comes into view.
Natasha hisses angrily.
Natasha claws you but does no damage. The orc priest closely misses you.
The orc priest shouts!
The orc shouts!
You hit the orc priest but do no damage.
The orc priest invokes the aid of Beogh against you.
Pain shoots through your body! Natasha casts a spell at you.
The magic dart hits you! The orc priest barely misses you.
You hit the orc priest.
The orc priest is moderately wounded.
Natasha barely misses you.
The orc priest calls down the wrath of Beogh upon you.
Beogh smites you!
You die...

### #.. ..# ######.# #.# ....#.#
#.# ..$..#####.######
.........).................##
#...#......##.#.###.#.###.#.###
o..........##h#.###.#....###...
.............o@.......###.#..##
.o..............###...# ##.#.#
#oo.#....o.o..### #..<# ###(#
......o....##.# #...# #.#
########o.!..$..# #...# #.##
.......o.....########...######)..
##.###o..#.## ........>...)..#
#......)..# # ##......####.#
###..<..####.### #...##.# #.#


You could see 2 orc priests, Natasha and an orc.

Vanquished Creatures
  An ogre (D:4)
  Natasha (D:2)
  Terence (D:2)
  3 adders
  3 orcs
  4 giant cockroaches
  3 goblins
  4 hobgoblins
  6 kobolds
  2 quokkas
  A ball python (D:1)
  5 bats
  3 frilled lizards (D:2)
  A leopard gecko skeleton (D:4)
  4 rats
42 creatures vanquished.

Notes
Turn   | Place    | Note
-------+----------+-------------------------------------------
     0 | D:1      | KristoblXynda the Draconian Gladiator began the quest for the Orb.
     0 | D:1      | Reached XP level 1. HP: 17/17 MP: 1/1
   227 | D:1      | Reached XP level 2. HP: 17/24 MP: 2/2
   472 | D:2      | Noticed Natasha
   475 | D:2      | Killed Natasha
   475 | D:2      | Reached XP level 3. HP: 27/29 MP: 3/3
   513 | D:2      | Found a bloodstained altar of Trog.
   559 | D:2      | Found a snail-covered altar of Cheibriados.
   561 | D:2      | Found a hazy altar of Hepliaklqana.
   561 | D:2      | Found a deep blue altar of Sif Muna.
   563 | D:2      | Found a shimmering altar of Xom.
   568 | D:2      | Noticed Terence
   583 | D:2      | Killed Terence
   586 | D:2      | Reached XP level 4. HP: 21/36 MP: 4/4
   654 | D:2      | Found a radiant altar of Vehumet.
  1648 | D:3      | Reached skill level 4 in Long Blades
  2499 | D:4      | Noticed an ogre
  2519 | D:4      | Killed an ogre
  2519 | D:4      | Reached XP level 5. HP: 7/41 MP: 5/5
  3004 | D:4      | Noticed Natasha
  3006 | D:4      | Killed from afar by an orc priest

Vault maps used:
D:1:      mrwooster_arrival_statue
D:2:      lemuel_round_altar, grunt_temple_overflow_open, fiery_altar_vehumet,
          uniq_natasha, uniq_terence
D:3:      roderic_three_in_a_row
D:4:      cheibrodos_pilgrimage, nemelex_xobeh_ov_fountains_minmay

Skill      XL: |  1  2  3  4 |
---------------+-------------+-----
Throwing       | 2 3 |  3.0
Dodging        | 3 |  3.9
Long Blades    | 4 |  4.7
Fighting       | |  2.1

Action                   |  1- 3 |  4- 6 || total
-------------------------+-------+-------++-------
Melee: Long sword        |    59 |    74 ||   133
       Tailslap          |     9 |     6 ||    15
Throw: Throwing net      |       |     1 ||     1
  Use: Scroll            |       |     5 ||     5
       Potion            |       |     1 ||     1
 Stab: Sleeping          |     1 |     1 ||     2
  Eat: Chunk             |       |     5 ||     5
       Ration            |       |     1 ||     1
Armor: Skin              |    19 |    19 ||    38
Dodge: Dodged            |    54 |    53 ||   107
       Rpst.: Long sword |    20 |    17 ||    37

Table legend:
 A = Spawn XP
 B = Non-spawn XP
 C = Spawn XP percentage of total XP
 D = Spawn monster count
 E = Non-spawn monster count
 F = Spawn count percentage of total count
 G = Total turns spent on level
                    A         B        C        D         E        F      G
               +---------+---------+-------+---------+---------+-------+---------
         Total |       0 |     295 |   0.0 |       0 |      42 |   0.0 |  3006
               +---------+---------+-------+---------+---------+-------+---------
           D:1 |       0 |      18 |   0.0 |       0 |      11 |   0.0 |   424
           D:2 |       0 |      99 |   0.0 |       0 |      13 |   0.0 |   860
           D:3 |       0 |      48 |   0.0 |       0 |      13 |   0.0 |  1164
           D:4 |       0 |     130 |   0.0 |       0 |       5 |   0.0 |   558
               +---------+---------+-------+---------+---------+-------+---------
